AoeStats
← 从不压堡之人

Black Forest

509058017Analyzed
4v4 RM · 7d ago on Sep 25, 2026· 19m 46s· 8 players
Game mode
Random Map
Map size
Large (8 player)
Population
200
Speed
Normal
Resources
Standard
Victory
Conquest
Starting age
Dark Age
Ending age
Imperial Age
RankedLock teamsTeams togetherTeam positionsShared explorationLock speedFull tech treeHidden civsTurbo modeCheats
Victory
Defeat
🇨🇳 Mongols · China
1394
+10
🇨🇳 Saxons · China
1266
+15
1202
+17
🇨🇳 Spanish · China
1102
+21
🇨🇳 Bulgarians · China
1282
-18
🇹🇼 Magyars · Taiwan
1248
-16
🇹🇼 Byzantines · Taiwan
1244
-16
🇨🇳 Spanish · China
1163
-13
钓你吗钓
1:08 Loom
10:35 Feudal Age
15:10 Castle Age
14:10 Stone Mining
14:47 Double-Bit Axe
a506b8123il
1:40 Loom
George
5:24 Loom
11:29 Feudal Age
18:54 Castle Age
山水先生
10:35 Feudal Age
14:37 Castle Age
12:58 Double-Bit Axe
13:29 Horse Collar
kirk
11:38 Feudal Age
13:12 Double-Bit Axe
16:05 Castle Age
13:58 Horse Collar
14:33 Bloodlines
15:40 Gold Mining
17:27 Forging
17:25 Scale Barding Armor
19:39 Forging
叫声乌鸦哥
8:35 Feudal Age
8:47 Man-at-Arms
9:45 Double-Bit Axe
11:51 Fletching
12:11 Horse Collar
17:16 Loom
18:28 Wheelbarrow
20:24 Castle Age
19:40 Gold Mining
从不压堡之人
11:07 Feudal Age
12:03 Double-Bit Axe
11:59 Horse Collar
14:45 Castle Age
14:06 Loom
16:04 Bow Saw
19:07 Fletching
19:40 Heavy Plow
B站胡某怎么还在种田
8:41 Feudal Age
12:23 Castle Age
10:42 Double-Bit Axe
12:24 Gold Mining
Connection lost

Rejoining the realm…

Still unreachable

The connection could not be restored.

Session expired

The server has moved on; the page needs a fresh start.